[Event "Titled Tuesday Blitz May 23 Early 2023"]
[White "gueraumasague"]
[Black "Javakhadze, Zurab"]
[BlackFideId "13603647"]
[WhiteElo "2551"]
[BlackElo "2381"]
[Result "1-0"]
[Round "09"]
[TimeControl "180+2"]
[Date "2023.05.23"]
[WhiteClock "0:00:05"]
[BlackClock "0:00:01"]

1. e4 e5 2. Nc3 Nf6 3. f4 d5 4. fxe5 Nxe4 5. Qf3 Nxc3 6. dxc3 Be7 7. Bf4 Be6 8. O-O-O Nd7 9. Qg3 g5 10. Be3 c5 11. Bb5 Qa5 12. Bxd7+ Kxd7 13. a3 Rad8 14. Nf3 h6 15. h4 g4 16. Nd2 Kc8 17. Qf2 b6 18. Nf1 Qb5 19. Ng3 Qc4 20. Nf5 Bf8 21. Rhf1 Qa2 22. Qf4 d4 23. cxd4 cxd4 24. Bxd4 Qa1+ 25. Kd2 Qxb2 26. Ke3 Qxa3+ 27. Rd3 Qa4 28. Nd6+ Bxd6 29. exd6 Rhe8 30. Kf2 Bc4 31. Rc3 Kb7 32. Re1 Rxe1 33. Kxe1 Qe8+ 34. Kf2 Qe2+ 35. Kg3 b5 36. Re3 Qxc2 37. Re7+ Kc6 38. Rc7+ Kd5 39. Qe5# 1-0


[Site "https://www.chess.com"]

[Event "Titled Tuesday Blitz May 23 Early 2023"]
[White "Bagwe Gaurang"]
[Black "Simonian, Hrair"]
[WhiteFideId "45039895"]
[BlackFideId "13302337"]
[WhiteElo "1847"]
[BlackElo "2447"]
[Result "1-0"]
[Round "09"]
[TimeControl "180+2"]
[Date "2023.05.23"]
[WhiteClock "0:00:17"]
[BlackClock "0:00:03"]

1. e4 c5 2. Nf3 e6 3. d4 cxd4 4. Nxd4 a6 5. g3 Nf6 6. Bg2 Nc6 7. O-O Qc7 8. c4 Be7 9. Nc3 O-O 10. b3 b6 11. e5 Qxe5 12. Nxc6 dxc6 13. Bxc6 Ra7 14. Bb2 Bb7 15. Nb5 Qxb2 16. Nxa7 Bxc6 17. Nxc6 Bc5 18. Rc1 a5 19. Qc2 Qa3 20. Rcd1 h5 21. Rd3 Bb4 22. Rfd1 g6 23. Rf3 Kg7 24. Rd4 Ng4 25. h3 Nh6 26. g4 hxg4 27. hxg4 Bc5 28. Rdf4 g5 29. b4 axb4 30. Rxa3 bxa3 31. Rf3 Nxg4 32. Qc3+ Kg6 33. Ne5+ Nxe5 34. Qxe5 Be7 35. Qe4+ Kg7 36. Qb7 Bc5 37. Kg2 Kg6 38. Qe4+ Kg7 39. Rd3 Re8 40. Qe5+ f6 41. Rd7+ Kg6 42. Qe4+ f5 43. Qe5 Bf8 44. Qh8 f4 45. Qh7+ Kf6 46. Qf7+ 1-0


[Site "https://www.chess.com"]

[Event "Titled Tuesday Blitz May 23 Early 2023"]
[White "Chan, Luis"]
[Black "Gheorghiu, Calin"]
[WhiteFideId "3216357"]
[BlackFideId "1200305"]
[WhiteElo "2127"]
[BlackElo "2223"]
[Result "1-0"]
[Round "09"]
[TimeControl "180+2"]
[Date "2023.05.23"]
[WhiteClock "0:00:12"]
[BlackClock "0:00:05"]

1. b3 d5 2. Bb2 Bf5 3. e3 Nf6 4. Nf3 h6 5. d3 e6 6. Nbd2 c5 7. Qe2 Be7 8. Ne5 O-O 9. g4 Bh7 10. h4 Nfd7 11. Nxd7 Nxd7 12. g5 e5 13. gxh6 gxh6 14. Qh5 Qb6 15. Rg1+ Kh8 16. Bh3 f5 17. O-O-O d4 18. Nc4 Qf6 19. exd4 exd4 20. Kb1 b5 21. Nd2 Qxh4 22. Qf3 Ne5 23. Qd5 Bf6 24. Rh1 Qxf2 25. Qxc5 f4 26. Bxd4 Nxd3 27. Bxf2 Nxc5 28. Bxc5 Rad8 29. Bxf8 Rxf8 30. Bg4 Bc3 31. Nf3 Re8 32. Rxh6 Kg7 33. Rc6 b4 34. Rd7+ Kh8 35. Rh6 Bg7 36. Bf5 Bxh6 37. Rxh7+ Kg8 38. Rxh6 Re3 39. Bg4 Kg7 40. Rd6 Re2 41. Rd4 Rg2 42. Rxf4 Rf2 43. Rxb4 Rg2 44. Rc4 1-0


[Site "https://www.chess.com"]

[Event "Titled Tuesday Blitz May 23 Early 2023"]
[White "Srihari L R"]
[Black "Shukhman, Anna"]
[WhiteFideId "46617116"]
[BlackFideId "54180058"]
[WhiteElo "2334"]
[BlackElo "2235"]
[Result "1/2-1/2"]
[Round "09"]
[TimeControl "180+2"]
[Date "2023.05.23"]
[WhiteClock "0:02:05"]
[BlackClock "0:01:26"]

1. Nf3 Nf6 2. c4 g6 3. b4 Bg7 4. Bb2 O-O 5. e3 d5 6. cxd5 Nxd5 7. Bxg7 Kxg7 8. Qb3 Be6 9. Qb2+ f6 10. Nc3 Nc6 11. a3 Bf7 12. Be2 e5 13. O-O a5 14. b5 Nce7 15. Rfd1 c5 16. bxc6 bxc6 17. d4 Rb8 18. Qc2 Nxc3 19. Qxc3 e4 20. Nd2 Bd5 21. Rdb1 Qc7 22. Bc4 f5 23. g3 h5 24. h4 a4 25. Nf1 Rxb1 26. Rxb1 Rb8 27. Rxb8 Qxb8 28. Bxd5 cxd5 29. Qa5 Qb3 30. Qc5 Kf7 31. Kg2 Qc4 32. Qa5 Qb3 33. Qc5 Qc4 34. Qa5 Qb3 35. Qc5 1/2-1/2


[Site "https://www.chess.com"]

[Event "Titled Tuesday Blitz May 23 Early 2023"]
[White "Ljukin, Sergei"]
[Black "Domingo Nunez, Ruben"]
[WhiteFideId "14102200"]
[BlackFideId "22245570"]
[WhiteElo "2312"]
[BlackElo "2404"]
[Result "0-1"]
[Round "09"]
[TimeControl "180+2"]
[Date "2023.05.23"]
[WhiteClock "0:00:04"]
[BlackClock "0:00:56"]

1. e4 g6 2. d4 Bg7 3. Nc3 c6 4. Bc4 d5 5. exd5 b5 6. Be2 b4 7. Na4 cxd5 8. a3 bxa3 9. Rxa3 Nf6 10. Nf3 O-O 11. O-O Bg4 12. Nc5 Nc6 13. c3 e6 14. h3 Bxf3 15. Bxf3 a5 16. Bf4 Qb6 17. Qe2 Rfe8 18. Be3 Qb8 19. Rfa1 e5 20. dxe5 Nxe5 21. b3 Nxf3+ 22. Qxf3 Ne4 23. Bd4 Nxc5 24. Bxc5 Qb5 25. b4 a4 26. Qxd5 Rad8 27. Qf3 Rd3 28. Qg4 Bxc3 29. Rb1 Bf6 30. Rd1 Rxa3 0-1


[Site "https://www.chess.com"]

[Event "Titled Tuesday Blitz May 23 Early 2023"]
[White "Dehtiarov, Roman"]
[Black "merinasian"]
[WhiteFideId "14186640"]
[WhiteElo "2189"]
[BlackElo "2490"]
[Result "1-0"]
[Round "09"]
[TimeControl "180+2"]
[Date "2023.05.23"]
[WhiteClock "0:00:32"]
[BlackClock "0:00:28"]

1. c4 Nf6 2. Nc3 e6 3. e4 d6 4. d4 Nbd7 5. Nf3 g6 6. Bd3 Bg7 7. O-O O-O 8. h3 c5 9. e5 Ne8 10. dxc5 Nxc5 11. exd6 Nxd3 12. Qxd3 Qxd6 13. Qe2 Nf6 14. Bg5 h6 15. Bxf6 Bxf6 16. Ne4 Qe7 17. Nxf6+ Qxf6 18. Ne5 b6 19. Ng4 Qg5 20. Qf3 Ba6 21. b3 h5 22. Ne3 Rab8 23. Rfd1 Bb7 24. Qg3 Qxg3 25. fxg3 Rfd8 26. Kf2 Kf8 27. g4 hxg4 28. Nxg4 Ke7 29. Ne5 Be4 30. g4 g5 31. Ke3 f5 32. h4 Rxd1 33. Rxd1 gxh4 34. Rd7+ Kf6 35. Kf4 Rf8 36. g5# 1-0


[Site "https://www.chess.com"]

[Event "Titled Tuesday Blitz May 23 Early 2023"]
[White "Hoffmann, Asa"]
[Black "Weishaeutel, Moritz"]
[WhiteFideId "2001470"]
[BlackFideId "12967300"]
[WhiteElo "2117"]
[BlackElo "2301"]
[Result "0-1"]
[Round "09"]
[TimeControl "180+2"]
[Date "2023.05.23"]
[WhiteClock "0:00:00"]
[BlackClock "0:00:14"]

1. d4 Nf6 2. Bg5 c5 3. d5 d6 4. Nc3 g6 5. Qd2 Bg7 6. Bh6 O-O 7. h4 b5 8. Bxg7 Kxg7 9. Nxb5 Qb6 10. c4 Bd7 11. Nc3 Na6 12. Nf3 h5 13. e4 Rab8 14. b3 Nb4 15. Be2 Bg4 16. e5 Nd7 17. e6 fxe6 18. Ng5 Ne5 19. f3 Bf5 20. Nxe6+ Bxe6 21. dxe6 Rf4 22. a3 Rd4 23. Qg5 Nc2+ 24. Kf2 Nxa1 25. Qxe7+ Kh8 26. Qf6+ Kg8 27. Nd5 Rxd5 28. cxd5 Ng4+ 29. fxg4 Rf8 30. g5 c4+ 31. Kf3 Rxf6+ 32. gxf6 Qxb3+ 33. Kf2 Nc2 34. Rh3 Qb6+ 35. Kg3 Qe3+ 36. Bf3 Qe5+ 37. Kf2 Qxf6 38. Rg3 Nd4 39. Ke3 Nf5+ 40. Kf2 Qxh4 41. e7 Qxg3+ 42. Ke2 Nxe7 0-1


[Site "https://www.chess.com"]

[Event "Titled Tuesday Blitz May 23 Early 2023"]
[White "Stribuk, Artiom"]
[Black "Mazarini41"]
[WhiteFideId "13515659"]
[WhiteElo "2303"]
[BlackElo "2489"]
[Result "1-0"]
[Round "09"]
[TimeControl "180+2"]
[Date "2023.05.23"]
[WhiteClock "0:00:04"]
[BlackClock "0:00:00"]

1. d4 Nf6 2. c4 g6 3. g3 Bg7 4. Bg2 O-O 5. Nc3 d6 6. Nf3 Nc6 7. O-O a6 8. b3 Rb8 9. d5 Na5 10. Bg5 c5 11. dxc6 Nxc6 12. Rc1 Bd7 13. Ne1 b5 14. cxb5 axb5 15. Nd3 h6 16. Bxf6 Bxf6 17. Nxb5 Rxb5 18. Bxc6 Bxc6 19. Rxc6 Qa8 20. Qc2 h5 21. a4 Rxb3 22. Qxb3 Qxc6 23. Rc1 Qa6 24. Nf4 Ra8 25. Rc4 e6 26. e3 d5 27. Rb4 Be7 28. Rb7 Bd6 29. Rb6 Qa7 30. Rxd6 Rb8 31. Qc2 Rb4 32. Nxe6 Qe7 33. Rc6 Rb8 34. Nf4 d4 35. exd4 Kh7 36. h4 Rd8 37. d5 Qe1+ 38. Kg2 Qe5 39. a5 Rb8 40. Rc3 Qd6 41. Rb3 Ra8 42. Rb7 Kg8 43. Qc6 Qe5 44. Qd7 Qe4+ 45. Kh2 Rf8 46. a6 Qf3 47. Kg1 Qd1+ 48. Kg2 Qa1 49. a7 Qa6 50. Rb8 Qxa7 51. Qxa7 1-0


[Site "https://www.chess.com"]

[Event "Titled Tuesday Blitz May 23 Early 2023"]
[White "Manukyan, Artyom"]
[Black "Harsh Suresh"]
[WhiteFideId "13305786"]
[BlackFideId "45018464"]
[WhiteElo "2078"]
[BlackElo "2209"]
[Result "1-0"]
[Round "09"]
[TimeControl "180+2"]
[Date "2023.05.23"]
[WhiteClock "0:00:07"]
[BlackClock "0:00:00"]

1. Nf3 Nf6 2. c4 e6 3. g3 d5 4. Bg2 dxc4 5. O-O Be7 6. Qa4+ Nbd7 7. Qxc4 O-O 8. d4 c5 9. Rd1 Qa5 10. Nc3 Nb6 11. Qb5 Qxb5 12. Nxb5 Bd7 13. Nc3 Bc6 14. Ne5 Bxg2 15. Kxg2 Rfd8 16. Be3 Nfd5 17. Nxd5 Nxd5 18. Kf3 Nxe3 19. fxe3 f6 20. Nc4 Kf7 21. Rac1 b6 22. a4 Rac8 23. b3 Rd5 24. dxc5 Rcxc5 25. e4 Rxd1 26. Rxd1 b5 27. Nd6+ Bxd6 28. Rxd6 Rc3+ 29. e3 bxa4 30. bxa4 Rc7 31. Ra6 e5 32. g4 Ke7 33. h4 Kf7 34. g5 Kg6 35. Kg4 h5+ 36. Kf3 Kf7 37. gxf6 gxf6 38. a5 Ke7 39. Ke2 Rd7 40. Kf3 Kf7 41. Rc6 Kg6 42. a6 Re7 43. Rd6 Rc7 44. Ke2 Rc2+ 45. Kd3 Rh2 46. Rd7 Rxh4 47. Rxa7 Rh1 48. Ra8 Ra1 49. Ke2 Ra2+ 50. Kf3 Ra3 51. Kf2 Kg7 52. Kf3 h4 53. Kg4 Rxe3 54. Kxh4 Kg6 55. a7 Rxe4+ 56. Kg3 Ra4 57. Rg8+ Kf5 58. a8=Q Rxa8 59. Rxa8 Ke4 60. Ra4+ Ke3 61. Kg4 e4 62. Kf5 Kd3 63. Rxe4 1-0


[Site "https://www.chess.com"]

[Event "Titled Tuesday Blitz May 23 Early 2023"]
[White "Arat, Ufuk Sezen"]
[Black "Ioannidis, Evgenios"]
[WhiteFideId "6309089"]
[BlackFideId "4229274"]
[WhiteElo "2289"]
[BlackElo "2386"]
[Result "0-1"]
[Round "09"]
[TimeControl "180+2"]
[Date "2023.05.23"]
[WhiteClock "0:00:01"]
[BlackClock "0:00:45"]

1. e4 e5 2. Nf3 Nc6 3. c3 Nf6 4. d4 exd4 5. e5 Ne4 6. Qe2 d5 7. exd6 f5 8. Nxd4 Nxd4 9. cxd4 Bxd6 10. Nc3 O-O 11. Nxe4 fxe4 12. Qc4+ Kh8 13. Be3 Bg4 14. Be2 Qd7 15. O-O-O b5 16. Qc2 a5 17. Bxg4 Qxg4 18. h3 Qxg2 19. Rhg1 Qf3 20. d5 b4 21. Bd4 Rf7 22. Rg4 Re8 23. Rdg1 Be5 24. Bxe5 Rxe5 25. d6 Qf5 26. Rg5 Qf4+ 27. Kb1 Rxg5 28. Rc1 Qxd6 29. Qxe4 Qg6 30. Qxg6 hxg6 0-1


[Site "https://www.chess.com"]

[Event "Titled Tuesday Blitz May 23 Early 2023"]
[White "Dimitrov, Atanas"]
[Black "Staudenhocker43"]
[WhiteFideId "2901315"]
[WhiteElo "2696"]
[BlackElo "2526"]
[Result "0-1"]
[Round "09"]
[TimeControl "180+2"]
[Date "2023.05.23"]
[WhiteClock "0:00:00"]
[BlackClock "0:01:05"]

1. Nf3 d5 2. e3 Nf6 3. c4 e6 4. Nc3 b6 5. b3 Bb7 6. Bb2 Nbd7 7. Be2 Bd6 8. d4 O-O 9. O-O a6 10. Rc1 Qe7 11. Qc2 Rac8 12. Rfd1 c5 13. dxc5 Nxc5 14. cxd5 Nxd5 15. Nxd5 Bxd5 16. Qb1 Bb7 17. Qa1 f6 18. Nd4 Be5 19. h3 Rfd8 20. Rd2 Qe8 21. Rdc2 Qg6 22. Nf3 Bxb2 23. Qxb2 Rb8 24. Rc4 Bxf3 25. Bxf3 Nd3 26. Qa3 Nxc1 27. Rxc1 a5 28. Qe7 Qf7 29. Qa3 Rbc8 30. Rf1 Kh8 31. Qa4 f5 32. Qb4 axb4 0-1


[Site "https://www.chess.com"]

[Event "Titled Tuesday Blitz May 23 Early 2023"]
[White "Starozhilov, Leonid"]
[Black "Baches Garcia, Guillermo"]
[WhiteFideId "14106752"]
[BlackFideId "2209764"]
[WhiteElo "2352"]
[BlackElo "2516"]
[Result "1-0"]
[Round "09"]
[TimeControl "180+2"]
[Date "2023.05.23"]
[WhiteClock "0:01:46"]
[BlackClock "0:00:00"]

1. e4 d5 2. Nc3 dxe4 3. Nxe4 Qd5 4. Nc3 Qa5 5. g3 Nf6 6. Bg2 c6 7. Nge2 Bg4 8. h3 Bh5 9. d3 e6 10. O-O Nbd7 11. Bd2 Qc7 12. Qe1 Nd5 13. Nxd5 cxd5 14. Nf4 Bg6 15. Nxd5 Qd8 16. Nf4 Bd6 17. Nxg6 hxg6 18. Bc3 Kf8 19. Bxb7 Rxh3 20. Bxa8 Qxa8 21. Qe4 Qb8 22. Kg2 Nf6 23. Bxf6 1-0


[Site "https://www.chess.com"]

[Event "Titled Tuesday Blitz May 23 Early 2023"]
[White "Camilla_Lee"]
[Black "Tokman, Ariel"]
[BlackFideId "117420"]
[WhiteElo "2673"]
[BlackElo "2263"]
[Result "1-0"]
[Round "09"]
[TimeControl "180+2"]
[Date "2023.05.23"]
[WhiteClock "0:00:05"]
[BlackClock "0:00:00"]

1. e4 e5 2. Nf3 Nc6 3. Nc3 Nf6 4. d4 exd4 5. Nd5 Be7 6. Nxd4 d6 7. Nb5 Nxd5 8. exd5 Ne5 9. Be2 O-O 10. O-O Bf6 11. c3 Re8 12. Be3 Bf5 13. Re1 Bg6 14. f4 Nd7 15. Bf3 Nc5 16. Bxc5 Rxe1+ 17. Qxe1 dxc5 18. d6 cxd6 19. Rd1 Qb6 20. Nxd6 Qxb2 21. Nxb7 Bxc3 22. Qe7 Bd4+ 23. Kh1 Rf8 24. Nd6 Qxa2 25. f5 Bf6 26. Qc7 Bd8 27. Qxc5 Bb6 28. Qe5 Qf2 29. fxg6 hxg6 30. Qe7 Bc5 31. Qc7 g5 32. Ne4 Bb6 33. Nxf2 Bxc7 34. Ne4 f6 35. Nc5 Be5 36. Bd5+ Kh7 37. Rd3 Kg6 38. g3 Rc8 39. Ne4 Rc1+ 40. Kg2 g4 41. Nf2 Kg5 42. Be6 f5 43. Rd5 Kf6 44. Bd7 Rc2 45. Rd1 g6 46. Kf1 Ke7 47. Ba4 Bd6 48. Bxc2 1-0


[Site "https://www.chess.com"]

[Event "Titled Tuesday Blitz May 23 Early 2023"]
[White "Begmuratov, Alisher"]
[Black "Reprintsev, Alexander"]
[WhiteFideId "14203367"]
[BlackFideId "14100541"]
[WhiteElo "2387"]
[BlackElo "2218"]
[Result "1-0"]
[Round "09"]
[TimeControl "180+2"]
[Date "2023.05.23"]
[WhiteClock "0:01:23"]
[BlackClock "0:00:11"]

1. c4 e5 2. g3 c6 3. Bg2 d5 4. cxd5 cxd5 5. d3 Nf6 6. Nf3 Nc6 7. O-O Be7 8. e4 O-O 9. Nc3 dxe4 10. dxe4 Be6 11. Qa4 a6 12. Rd1 Qc8 13. Bg5 b5 14. Qc2 Nd4 15. Qd3 Nxf3+ 16. Bxf3 Bc4 17. Qc2 b4 18. Na4 Bb5 19. Qxc8 Raxc8 20. Nb6 Rc2 21. Bxf6 gxf6 22. Nd5 Bc5 23. Nxf6+ Kg7 24. Ng4 h5 25. Ne3 Bxe3 26. fxe3 Rxb2 27. Rab1 Rxb1 28. Rxb1 a5 29. Bxh5 Rd8 30. Rb2 Rd3 31. Be2 Rxe3 32. Bxb5 Rxe4 33. Kf2 Rd4 34. Ke3 f5 35. Rd2 Re4+ 36. Kf3 Re1 37. Ba4 Rf1+ 38. Rf2 Ra1 39. Bb3 Kf6 40. h4 Rh1 41. Rd2 e4+ 42. Kf2 Ra1 43. Rd6+ Kg7 44. Ra6 f4 45. gxf4 Rh1 46. Rxa5 Rxh4 47. Ke3 1-0


[Site "https://www.chess.com"]

[Event "Titled Tuesday Blitz May 23 Early 2023"]
[White "Devaev, Alexander"]
[Black "Nagare Kaivalya Sandip"]
[WhiteFideId "4169395"]
[BlackFideId "25957929"]
[WhiteElo "2172"]
[BlackElo "2024"]
[Result "1-0"]
[Round "09"]
[TimeControl "180+2"]
[Date "2023.05.23"]
[WhiteClock "0:00:37"]
[BlackClock "0:00:42"]

1. Nf3 d5 2. c4 d4 3. d3 c5 4. e3 Nc6 5. Be2 e5 6. e4 g6 7. h3 Bg7 8. Nbd2 Nge7 9. O-O h6 10. a3 O-O 11. Rb1 f5 12. b4 f4 13. bxc5 g5 14. Nh2 Qc7 15. Bg4 Nd8 16. Nb3 Ne6 17. Bd2 Nxc5 18. Bb4 b6 19. Bxc8 Raxc8 20. Bxc5 bxc5 21. Nd2 Qd7 22. Qg4 Qxg4 23. hxg4 Rb8 24. Rb5 Rxb5 25. cxb5 Rb8 26. a4 Nc8 27. Nc4 Nb6 28. Nxb6 axb6 29. Ra1 Kf7 30. Nf3 Kg6 31. Nd2 h5 32. f3 Rh8 33. gxh5+ Kxh5 34. Nc4 g4 35. Nxb6 Kh4 36. fxg4 Kg3 37. Rf1 f3 38. Rxf3+ Kxg4 39. Nc4 Rb8 40. b6 Kh5 41. a5 Bh6 42. Rf5+ Kg6 43. Rxe5 Be3+ 44. Nxe3 dxe3 45. Kf1 1-0


[Site "https://www.chess.com"]

[Event "Titled Tuesday Blitz May 23 Early 2023"]
[White "Turzo, Attila"]
[Black "Hua, Lefong"]
[WhiteFideId "704954"]
[BlackFideId "2602253"]
[WhiteElo "2504"]
[BlackElo "2630"]
[Result "0-1"]
[Round "09"]
[TimeControl "180+2"]
[Date "2023.05.23"]
[WhiteClock "0:01:15"]
[BlackClock "0:02:05"]

1. d4 Nf6 2. c4 c5 3. d5 e6 4. Nc3 exd5 5. cxd5 d6 6. e4 g6 7. f4 Bg7 8. Bb5+ Nbd7 9. Nf3 O-O 10. O-O a6 11. Bd3 b5 12. a4 b4 13. Nb1 Re8 14. Nbd2 a5 15. Qc2 Nb6 16. Rd1 c4 17. Bxc4 Nxc4 18. Qxc4 Ba6 19. Qc2 Rc8 20. Qb1 Qb6+ 21. Kh1 Ng4 0-1


[Site "https://www.chess.com"]

[Event "Titled Tuesday Blitz May 23 Early 2023"]
[White "Melikyan, Gnel"]
[Black "Belov, Alexei"]
[WhiteFideId "54109990"]
[BlackFideId "4128206"]
[WhiteElo "2138"]
[BlackElo "2501"]
[Result "0-1"]
[Round "09"]
[TimeControl "180+2"]
[Date "2023.05.23"]
[WhiteClock "0:01:43"]
[BlackClock "0:01:49"]

1. e4 e6 2. d4 d5 3. e5 c5 4. c3 Qb6 5. Nf3 Nc6 6. a3 Bd7 7. b4 cxd4 8. cxd4 Rc8 9. Be2 Nge7 10. O-O Nf5 11. Bb2 Be7 12. Qd2 h5 13. Rd1 g5 14. Nc3 g4 15. Na4 Qd8 16. Ne1 Ncxd4 17. Bxd4 Bxa4 18. Rdc1 Rxc1 19. Rxc1 Bg5 20. Be3 Nxe3 21. fxe3 d4 0-1


[Site "https://www.chess.com"]

[Event "Titled Tuesday Blitz May 23 Early 2023"]
[White "Rodchenkov, Sergey D."]
[Black "koncheto"]
[WhiteFideId "4168712"]
[WhiteElo "2277"]
[BlackElo "2613"]
[Result "0-1"]
[Round "09"]
[TimeControl "180+2"]
[Date "2023.05.23"]
[WhiteClock "0:00:12"]
[BlackClock "0:00:07"]

1. e4 e5 2. Nf3 Nf6 3. d4 Nxe4 4. Bd3 d5 5. Nxe5 Bd6 6. O-O O-O 7. c4 c6 8. Nc3 Nxc3 9. bxc3 Bxe5 10. dxe5 Nd7 11. f4 Nc5 12. Bc2 dxc4 13. Ba3 Qb6 14. Qd4 Ne6 15. Qxb6 axb6 16. Bxf8 Kxf8 17. a4 Nc5 18. Rad1 Ke7 19. f5 g6 20. f6+ Ke8 21. Rd4 Be6 22. Rfd1 Nd7 23. Re4 Ra5 24. Rde1 b5 25. Rh4 h5 26. g4 Bxg4 27. e6 Bxe6 28. Bxg6 Kd8 29. Rd4 Kc7 30. Bxf7 Bxf7 31. Re7 Bd5 32. f7 Ra8 33. axb5 Rf8 34. Rf4 Kd6 35. Re3 Rxf7 36. Rh4 Rg7+ 37. Kf2 Rg5 38. Rf4 Ne5 39. Rf6+ Kc5 40. h4 Nd3+ 41. Rxd3 Rg2+ 42. Ke3 cxd3 43. Kxd3 cxb5 44. Rf5 Rg3+ 45. Kc2 Kc4 46. Rf4+ Kc5 47. Rf5 Rg2+ 48. Kd3 Kd6 49. Rxh5 b6 50. Rh6+ Kc5 51. h5 Rh2 52. Rh8 Bc4+ 53. Ke3 b4 54. Rc8+ Kb5 55. cxb4 Kxb4 56. Rb8 b5 57. Rb6 Rxh5 58. Kd4 Rh4+ 59. Ke3 Rh7 60. Rh6 Rc7 61. Rh7 Rxh7 0-1


[Site "https://www.chess.com"]

[Event "Titled Tuesday Blitz May 23 Early 2023"]
[White "Garakov, Mikhael"]
[Black "Filgueira, Hernan"]
[WhiteFideId "4169034"]
[BlackFideId "101770"]
[WhiteElo "2347"]
[BlackElo "2363"]
[Result "1/2-1/2"]
[Round "09"]
[TimeControl "180+2"]
[Date "2023.05.23"]
[WhiteClock "0:00:10"]
[BlackClock "0:00:19"]

1. e4 d6 2. d4 Nf6 3. Nc3 e5 4. Nge2 Nbd7 5. g3 g6 6. Bg2 Bg7 7. O-O O-O 8. h3 c6 9. a4 a5 10. f4 b6 11. Kh2 Ba6 12. dxe5 dxe5 13. f5 h5 14. Bg5 Qc7 15. Qd2 Nc5 16. Bh6 Rad8 17. Qg5 Nh7 18. Qe3 Qe7 19. Rf2 Bxh6 20. Qxh6 Qg5 21. Qxg5 Nxg5 22. h4 Nh7 23. Raf1 Rd2 24. Ng1 Rfd8 25. Rxd2 Rxd2 26. Rd1 Rxc2 27. fxg6 fxg6 28. Nf3 Nd3 29. Kg1 Nf6 30. Bf1 Nxb2 31. Rd8+ Kg7 32. Bxa6 Rxc3 33. Nxe5 Rxg3+ 34. Kh2 Re3 35. Nxc6 Ng4+ 36. Kg2 Rxe4 37. Rd7+ Kf6 38. Rd6+ Re6 39. Rxe6+ Kxe6 40. Kg3 Nxa4 41. Kf4 Kf6 42. Nd4 Nc5 43. Bc8 Nd3+ 44. Ke4 Ngf2+ 45. Ke3 a4 46. Ba6 a3 47. Bxd3 Nxd3 48. Kxd3 a2 49. Nb3 g5 50. hxg5+ Kxg5 51. Kc2 h4 52. Kb2 h3 53. Nd2 Kf4 54. Nf1 Kf3 55. Kxa2 Kg2 56. Ne3+ Kf2 57. Ng4+ Kg3 58. Ne3 Kf3 59. Nf1 Ke2 60. Nh2 Kd3 61. Kb3 Kd4 62. Kb4 Ke5 63. Kb5 Kf4 64. Kxb6 Kg3 65. Nf1+ Kf2 66. Nh2 Kg1 67. Ng4 Kg2 68. Kc5 Kg3 69. Ne3 Kf4 70. Nf1 Kf3 71. Kd4 Kg2 72. Ne3+ Kf2 73. Ng4+ Kg3 74. Ne3 h2 75. Nf1+ Kg2 76. Nxh2 1/2-1/2


[Site "https://www.chess.com"]

[Event "Titled Tuesday Blitz May 23 Early 2023"]
[White "Castellanos Gomez, Alejandro"]
[Black "Miranda, Rafael"]
[WhiteFideId "22284141"]
[BlackFideId "130990"]
[WhiteElo "2158"]
[BlackElo "2204"]
[Result "1-0"]
[Round "09"]
[TimeControl "180+2"]
[Date "2023.05.23"]
[WhiteClock "0:00:23"]
[BlackClock "0:01:02"]

1. d4 Nf6 2. Bf4 g6 3. Nc3 d5 4. Qd2 Bg7 5. Bh6 O-O 6. O-O-O c6 7. f3 Nbd7 8. h4 e5 9. h5 exd4 10. Bxg7 Kxg7 11. Qxd4 Qb6 12. Qh4 Qe3+ 13. Kb1 Nb6 14. Rd3 Qe7 15. g4 Bd7 16. Re3 Qd8 17. hxg6 fxg6 18. Qh6+ Kg8 19. g5 d4 20. gxf6 Rf7 21. Re7 Rxe7 22. fxe7 Qxe7 23. Ne4 Nd5 24. Ng5 Bf5 25. Qxh7+ Qxh7 26. Rxh7 Ne3 27. Bh3 Bxc2+ 28. Kc1 b5 29. Be6+ Kf8 30. Rh8+ Ke7 31. Rxa8 1-0


[Site "https://www.chess.com"]

[Event "Titled Tuesday Blitz May 23 Early 2023"]
[White "Nikologorskiy, Konstantin"]
[Black "Heinemann, Josefine"]
[WhiteFideId "24111708"]
[BlackFideId "12900460"]
[WhiteElo "2273"]
[BlackElo "2342"]
[Result "1-0"]
[Round "09"]
[TimeControl "180+2"]
[Date "2023.05.23"]
[WhiteClock "0:02:45"]
[BlackClock "0:02:18"]

1. d4 Nf6 2. c4 e6 3. Nf3 d5 4. g3 dxc4 5. Bg2 c6 6. O-O b5 7. a4 Bb7 8. Nc3 b4 9. Nb1 c5 10. dxc5 Qxd1 11. Rxd1 Bxc5 12. Nfd2 Bxg2 13. Kxg2 Ke7 14. Nxc4 Nc6 15. Bg5 Rhd8 16. Nbd2 h6 17. Bxf6+ gxf6 18. Nb3 Bd6 19. Rac1 Ne5 20. Nxd6 Rxd6 21. Rc7+ Nd7 22. Rdc1 Kd8 23. Na5 Ne5 24. Nb7+ 1-0


[Site "https://www.chess.com"]

[Event "Titled Tuesday Blitz May 23 Early 2023"]
[White "Danielyan, Vahe"]
[Black "Bilan, Danila"]
[WhiteFideId "13304828"]
[BlackFideId "24161918"]
[WhiteElo "2423"]
[BlackElo "2182"]
[Result "1-0"]
[Round "09"]
[TimeControl "180+2"]
[Date "2023.05.23"]
[WhiteClock "0:02:02"]
[BlackClock "0:00:48"]

1. d4 d5 2. c4 c6 3. Nc3 Nf6 4. Nf3 e6 5. Bg5 Nbd7 6. cxd5 exd5 7. e3 Be7 8. Bd3 O-O 9. Qc2 Re8 10. O-O Nf8 11. h3 Ng6 12. Ne5 Nd7 13. Bxe7 Qxe7 14. f4 Ndf8 15. Rae1 f6 16. Nxg6 hxg6 17. Bxg6 Nxg6 18. Qxg6 Be6 19. Qc2 c5 20. Qd2 Rad8 21. dxc5 Qxc5 22. Qd4 b6 23. Rd1 Bf7 24. Kf2 Re7 25. Rd2 b5 26. Qxc5 1-0


[Site "https://www.chess.com"]

[Event "Titled Tuesday Blitz May 23 Early 2023"]
[White "Manukian, Artak"]
[Black "Melian, Juan Sebastian"]
[WhiteFideId "13301373"]
[BlackFideId "3706575"]
[WhiteElo "2130"]
[BlackElo "2092"]
[Result "0-1"]
[Round "09"]
[TimeControl "180+2"]
[Date "2023.05.23"]
[WhiteClock "0:00:02"]
[BlackClock "0:00:05"]

1. e4 c5 2. Nf3 e6 3. c3 Nf6 4. e5 Nd5 5. d4 cxd4 6. cxd4 d6 7. Nc3 Nxc3 8. bxc3 Qc7 9. Bd2 Nd7 10. Bb5 a6 11. Bxd7+ Bxd7 12. O-O Bc6 13. Re1 Be7 14. Bf4 O-O 15. exd6 Bxd6 16. Bxd6 Qxd6 17. Ne5 Rac8 18. Qg4 Bd5 19. Re3 f6 20. Rg3 Qe7 21. Nd3 Rxc3 22. Nc5 Rxg3 23. Qxg3 Rc8 24. h4 b6 25. Nd3 Qa3 26. Rb1 Be4 27. Rd1 Qxa2 28. Qd6 Re8 29. Qxb6 Qe2 30. Nb2 Qg4 31. f3 Bxf3 32. Rd2 Qxh4 33. Rf2 Bh5 34. Qxa6 Qxd4 35. Qb5 Bf7 36. Nc4 Rd8 37. Qb6 Qxb6 38. Nxb6 Rd4 39. Rb2 g5 40. Nc8 Kg7 41. Ne7 Rd7 42. Nc6 Rc7 43. Nd4 Kg6 44. Nf3 h5 45. Rb6 Re7 46. Kf2 h4 47. Ke3 e5 48. Nd2 Bd5 49. Kf2 Rd7 50. Rb2 Be6 51. Nf1 Bf5 52. Ne3 Be4 53. Rb4 Bf5 54. Rb8 Be6 55. Re8 Bf7 56. Rb8 Ra7 57. Rb6 Ra2+ 58. Ke1 Be8 59. Ng4 Kg7 60. Nxf6 Ra1+ 61. Kf2 Bg6 62. Ng4 Ra2+ 63. Ke3 Rxg2 64. Nxe5 Rg3+ 65. Kf2 Bf5 66. Nc4 Rg4 67. Ne3 Rf4+ 68. Ke2 Bg6 69. Nd5 Bh5+ 70. Ke3 Rf8 71. Rb7+ Rf7 72. Rb6 g4 73. Nf4 Rf5 74. Rb7+ Kh6 75. Rb6+ Kh7 76. Nxh5 Rxh5 77. Kf4 g3 78. Kg4 Rh6 79. Kh3 Rxb6 0-1


[Site "https://www.chess.com"]